 Dungeon Crawl Stone Soup version 0.23.2-1-ga50397a6bc (webtiles) character file.

Game seed: 11116056562329851736

115 Mrkan the Slasher (level 4, 0/61 HPs)
             Began as a Draconian Berserker on May 22, 2019.
             Was a Believer of Trog.
             Slain by an ooze (4 damage)
             ... on level 2 of the Dungeon.
             The game lasted 00:03:01 (1238 turns).

Mrkan the Slasher (Draconian Berserker)             Turns: 1238, Time: 00:03:03

Health: 0/61       AC:  5    Str: 25    XL:     4   Next: 68%
Magic:  4/4        EV: 12    Int:  7    God:    Trog [**....]
Gold:   128        SH:  0    Dex: 11    Spells: 3/3 levels left

rFire    . . .     SeeInvis .   a - +0 falchion
rCold    . . .     Gourm    .   (no shield)
rNeg     . . .     Faith    .   (armour unavailable)
rPois    .         Spirit   .   (helmet restricted)
rElec    .         Reflect  .   (no cloak)
rCorr    .         Harm     .   (no gloves)
MR       .....                  (no boots)
Stlth    ..........             (no amulet)
HPRegen  0.20/turn              (no ring)
MPRegen  0.09/turn              (no ring)

@: berserking, slowed
A: unfitting armour, cold-blooded, AC +5
a: Berserk, Trog's Hand, Renounce Religion


You were on level 2 of the Dungeon.
You worshipped Trog.
Trog was pleased with you.
You were very hungry.

You visited 1 branch of the dungeon, and saw 2 of its levels.

You collected 128 gold pieces.

Inventory:

Hand Weapons
 a - a +0 falchion (weapon)
 c - a +1 mace of draining
Missiles
 e - 2 javelins of returning (quivered)
Scrolls
 d - a scroll of enchant weapon {unknown}
 f - 2 scrolls of random uselessness {unknown}
 g - 2 scrolls of teleportation {unknown}
 h - 3 scrolls of identify {unknown}
 i - a scroll of remove curse {unknown}
Potions
 j - a potion of curing {unknown}
Comestibles
 b - a ration
 k - 4 chunks of flesh


   Skills:
 + Level 4.3 Fighting
 * Level 4.8 Long Blades
 - Level 2.6 Dodging


You had 3 spell levels left.
You didn't know any spells.
Your spell library was empty.

Dungeon Overview and Level Annotations

Branches:
Dungeon (2/15)

Altars:


Innate Abilities, Weirdness & Mutations

Your plain brown scales are hard. (AC +5)
You cannot fit into any form of body armour.
You are cold-blooded and may be slowed by cold attacks.


Message History

The ooze barely misses you. Natasha claws you but does no damage.
The frilled lizard barely misses you. The ooze closely misses you.
You closely miss Natasha. Natasha claws you.
* * * LOW HITPOINT WARNING * * *
The frilled lizard closely misses you. The ooze hits you but does no damage.
You hit Natasha.
Your tail-slap misses Natasha.
Natasha is moderately wounded.
Natasha claws you.
* * * LOW HITPOINT WARNING * * *
The frilled lizard bites you but does no damage.
The ooze hits you but does no damage. Natasha claws you.
* * * LOW HITPOINT WARNING * * *
You slash Natasha!
You kill Natasha!
Trog accepts your kill.
Trog appreciates your killing of a magic user.
Natasha yowls pathetically as she dies!
The frilled lizard bites you but does no damage.
The ooze hits you.
You die...

#....?......######
#.##..............
#..#.............#
#.....g......<..###
###...............
##.((###......#
##.(........)#
#..)...##l..#...
#..##..KJ@......#
#.. ###.####.....
.... #............
..#####.#........ .
..#. #.........####
# . ###..##...# #
##..##...# #
#...##.###### #.#
#.#.........##


You could see an ooze, a kobold and a frilled lizard.

Vanquished Creatures
  Natasha (twice) (D:2)
  An adder (D:2)
  An ooze (D:1)
  4 leopard geckos
  2 ball pythons (D:1)
  4 bats
  A giant cockroach (D:1)
  9 goblins
  8 hobgoblins
  2 jackals (D:2)
  4 frilled lizards (D:1)
  4 kobolds (D:1)
  3 rats (D:1)
45 creatures vanquished.

Notes
Turn   | Place    | Note
-------+----------+-------------------------------------------
     0 | D:1      | Mrkan the Draconian Berserker began the quest for the Orb.
     0 | D:1      | Reached XP level 1. HP: 19/19 MP: 1/1
    69 | D:1      | Reached XP level 2. HP: 26/26 MP: 2/2
   342 | D:1      | Reached ** piety under Trog
   379 | D:1      | Reached XP level 3. HP: 28/33 MP: 3/3
   965 | D:2      | Noticed Natasha
   980 | D:2      | Killed Natasha
   980 | D:2      | Reached XP level 4. HP: 4/40 MP: 4/4
  1229 | D:2      | Noticed Natasha
  1238 | D:2      | Killed Natasha
  1238 | D:2      | Slain by an ooze

Skill      XL: |  1  2  3 |
---------------+----------+-----
Long Blades    | 4 |  4.8
Fighting       | 4 |  4.3
Dodging        | |  2.6

Action                   |  1- 3 |  4- 6 || total
-------------------------+-------+-------++-------
Melee: Falchion          |    84 |     8 ||    92
       Tailslap          |     8 |     2 ||    10
Invok: Berserk           |       |     1 ||     1
  Eat: Chunk             |       |     1 ||     1
Armor: Skin              |    28 |    17 ||    45
Dodge: Dodged            |    63 |    33 ||    96
       Rpst.: Falchion   |    28 |     9 ||    37
